 Dungeon Crawl Stone Soup version 0.24.0-1-gfbc8707 (webtiles) character file.

Game seed: 11623155946730537428, levelgen mode: deterministic

81382 Faca the Warrior (level 15, -3/105 HPs)
             Began as a Gargoyle Fighter on Oct 26, 2019.
             Was the Champion of Okawaru.
             Slain by a swamp dragon simulacrum (25 damage)
             ... in an ice cave.
             The game lasted 01:09:14 (23882 turns).

Faca the Warrior (Gargoyle Fighter)                Turns: 23882, Time: 01:09:16

Health: -3/105     AC: 30    Str: 28    XL:     15   Next: 70%
Magic:  15/15      EV: 10    Int:  9    God:    Okawaru [******]
Gold:   1879       SH: 14    Dex:  9    Spells: 14/14 levels left

rFire    + . .     SeeInvis .   T - +4 demon whip (elec)
rCold    . . .     Gourm    .   c - +1 shield
rNeg     + + .     Faith    .   D - +1 ring mail of Bitterness {Str+7}
rPois    ∞         Spirit   .   P - +1 hat of Eczukoes {rF+ rN+ Str-5}
rElec    +         Reflect  .   q - +0 cloak
rCorr    .         Harm     .   E - +2 pair of gloves
MR       ++...                  F - +0 pair of boots
Stlth    ..........             (no amulet)
HPRegen  0.27/turn              a - +3 ring of protection
MPRegen  0.14/turn              G - ring of protection from magic

@: marked
A: big wings, negative energy resistance 1, electricity resistance, unbreathing,
petrification resistance, rot immunity, AC +11
a: Fly, Heroism, Finesse, Renounce Religion


You were in an ice cave.
You worshipped Okawaru.
Okawaru was exalted by your worship.
You were not hungry.

You visited 3 branches of the dungeon, and saw 21 of its levels.
You also visited: Sewer, Bailey, Ice Cave and Volcano.

You collected 3352 gold pieces.
You spent 1473 gold pieces at shops.

Inventory:

Hand Weapons
 i - the +5 eveningstar of No Interval {venom, rPois Str+4}
   (Okawaru gifted it to you on level 2 of the Lair of Beasts)

   It poisons the flesh of those it strikes.
   It affects your strength (+4).
   It protects you from poison.
 T - a +4 demon whip of electrocution (weapon)
Missiles
 C - 6 javelins
 I - 7 silver javelins (quivered)
Armour
 c - a +1 shield (worn)
 q - a +0 cloak (worn)
 x - the +10 large shield of Ignorance {rN+ Int-4}
   (You found it in a bailey)

   It affects your intelligence (-4).
   It protects you from negative energy.
 D - the +1 ring mail of Bitterness (worn) {Str+7}
   (You found it on level 5 of the Dungeon)

   It affects your strength (+7).
 E - a +2 pair of gloves (worn)
 F - a +0 pair of boots (worn)
 P - the +1 hat of Eczukoes (worn) {rF+ rN+ Str-5}
   (You acquired it on level 2 of the Orcish Mines)

   It affects your strength (-5).
   It protects you from fire.
   It protects you from negative energy.
Jewellery
 a - a +3 ring of protection (left hand)
 G - a ring of protection from magic (right hand)
Wands
 b - a wand of clouds (5)
 p - a wand of iceblast (15)
 u - a wand of paralysis (7)
 v - a wand of disintegration (2)
 y - a wand of scattershot (6)
 H - a wand of acid (5)
Scrolls
 e - 12 scrolls of teleportation
 h - a scroll of blinking
 j - 6 scrolls of enchant armour
 k - 2 scrolls of fear
 l - 3 scrolls of identify
 n - 10 scrolls of remove curse
 r - 2 scrolls of immolation
 J - a scroll of summoning
 M - 2 scrolls of fog
 Q - a scroll of holy word
 R - a scroll of silence
Potions
 d - 7 potions of might
 g - 2 potions of mutation
 m - 6 potions of flight
 s - 2 potions of agility
 t - 2 potions of lignification
 w - 6 potions of haste
 z - 2 potions of brilliance
 A - 2 potions of invisibility
 B - 2 potions of ambrosia
 K - 2 potions of resistance
 O - a potion of berserk rage
Comestibles
 f - 27 rations
 o - a chunk of flesh


   Skills:
 + Level 16.4 Fighting
 + Level 15.1 Maces & Flails
 + Level 13.1 Armour
 + Level 13.1 Shields


You had 14 spell levels left.
You didn't know any spells.
Your spell library contained the following spells:

 Spells                   Type           Power        Failure   Level  Hunger
 Corona                   Hex            #......      56%         1    ##.....
 Flame Tongue             Conj/Fire      #....        56%         1    ##.....
 Shock                    Conj/Air       #...         56%         1    ##.....
 Ensorcelled Hibernation  Hex/Ice        #.....       71%         2    ###....
 Swiftness                Chrm/Air       #.......     71%         2    ###....
 Throw Flame              Conj/Fire      #.....       71%         2    ###....
 Confuse                  Hex            #.......     90%         3    ####...
 Conjure Flame            Conj/Fire      #.......     90%         3    ####...
 Dazzling Spray           Conj/Hex       #.....       90%         3    ####...
 Inner Flame              Hex/Fire       #.......     90%         3    ####...
 Static Discharge         Conj/Air       #.......     90%         3    ####...
 Tukima's Dance           Hex            #.......     90%         3    ####...
 Airstrike                Air            #.........   100%        4    #####..
 Sticky Flame             Conj/Fire      #.......     100%        4    #####..
 Fireball                 Conj/Fire      #.........   100%        5    ######.
 Lightning Bolt           Conj/Air       #.........   100%        5    ######.
 Deflect Missiles         Chrm/Air       #.........   100%        6    #######
 Ignition                 Fire           #.........   100%        8    #######
 Shatter                  Erth           #.........   100%        9    #######
 Tornado                  Air            #.........   100%        9    #######


Dungeon Overview and Level Annotations

Branches:
Dungeon (13/15)            Temple (0/1) D:5            Lair (6/6) D:11
  Swamp (0/4) Lair:2        Snake (0/4) Lair:3        Slime (0/5) Lair:5
    Orc (2/2) D:12            Elf (0/3) Orc:2         Sewer (visited)
 Bailey (visited)           IceCv (1/1)             Volcano (visited)
 Vaults: D:13-14

Altars:
Ashenzari
Fedhas
Kikubaaqudgha
Okawaru
Qazlal
Wu Jian
Xom
Yredelemnul
Zin
Beogh
Jiyva

Shops:
D:6 [   D:9 [   D:10 [   D:11 (   Orc:1 *   Orc:2 ??**


Innate Abilities, Weirdness & Mutations

You are resistant to torment.
Your stone body is resilient. (AC +11)
You are immune to poison.
Your large and strong wings let you fly indefinitely.
You resist negative energy. (rN+)
You are resistant to electric shocks. (rElec)
You can survive without breathing.
You are immune to petrification.
You are immune to rotting.


Message History

The polar bear simulacrum bites you but does no damage.
You block the polar bear simulacrum's attack.
The polar bear simulacrum claws you but does no damage.
You block the polar bear simulacrum's attack.
The polar bear simulacrum claws you but does no damage. x2
You hit the swamp dragon simulacrum.
The swamp dragon simulacrum is lightly damaged.
You whack the swamp dragon simulacrum!
The swamp dragon simulacrum is heavily damaged.
The polar bear simulacrum misses you.
The polar bear simulacrum barely misses you.
The polar bear simulacrum closely misses you.
You block the polar bear simulacrum's attack.
The polar bear simulacrum claws you but does no damage.
You block the polar bear simulacrum's attack.
You block the swamp dragon simulacrum's attack. x2
The swamp dragon simulacrum tramples you.
* * * LOW HITPOINT WARNING * * *
The swamp dragon simulacrum freezes you!!
You die...

#### ###
##..##
##..##....##
#..........#
.......∩.∩.#
..##.......#
###ZZZ.##
##@.## ####


You could see 2 polar bear simulacra and a swamp dragon simulacrum.

Vanquished Creatures
  Rupert (Orc:2)
  Kirke (Lair:4)
  A red draconian (Volcano)
  2 fire dragons
  2 yaktaur captains (D:13)
  7 hydras
  4 two-headed ogres
  A centaur warrior (D:13)
  An orc high priest (Orc:2)
  Sonja (Lair:2)
  A salamander mystic (Volcano)
  3 unseen horrors
  8 orc knights
  2 lindwurms (Lair:6)
  2 wolf spiders (Lair:6)
  A manticore (D:13)
  6 salamanders (Volcano)
  8 black mambas
  A guardian serpent (Lair:6)
  13 elephants
  2 centaur zombies
  7 torpor snails
  19 spiny frogs
  4 komodo dragons
  2 efreet
  4 rime drakes
  5 trolls
  8 tyrant leeches
  10 hornets (Lair:6)
  A wolf spider simulacrum (IceCv)
  Grinder (D:3)
  A polar bear (D:13)
  A slime creature (D:13)
  2 bog bodies (Lair:2)
  10 blink frogs
  6 dream sheep
  10 hippogriffs
  2 redbacks (Lair:6)
  A spriggan (D:8)
  A meliai zombie (D:11)
  A spriggan (shapeshifter) (D:13)
  A shadow (D:11)
  9 wyverns
  31 yaks
  A vampire (D:10)
  Grum (Lair:1)
  A hog (Lair:4)
  A hungry ghost (D:9)
  2 basilisks
  A basilisk (shapeshifter) (D:13)
  6 swamp worms (Lair:3)
  7 wargs
  3 vampire mosquitoes
  2 acid dragons
  2 nagas (Lair:3)
  17 water moccasins
  12 porcupines
  A black bear (D:11)
  3 ice beasts
  A phantom (D:4)
  44 orc warriors
  2 sky beasts
  9 ogres
  16 wolves
  14 crocodiles
  16 centaurs
  8 big kobolds
  12 bullfrogs
  2 scorpions
  12 killer bees
  A vampire bat (Lair:1)
  5 wights (D:13)
  4 howler monkeys
  3 electric eels
  5 crimson imps
  10 orc priests
  6 hounds
  Crazy Yiuf (D:2)
  2 bullfrog skeletons
  3 iguanas
  3 jellies
  2 centaur skeletons
  Jessica (D:2)
  Natasha (thrice) (D:4)
  21 orc wizards
  6 worker ants
  Ijyb (D:3)
  A hound zombie (D:7)
  A worker ant zombie (D:10)
  15 adders
  3 river rats (Sewer)
  5 shadow imps
  8 oozes
  2 adder skeletons
  10 worms
  3 dart slugs (D:1)
  7 leopard geckos
  108 orcs
  2 ball pythons
  16 bats
  2 giant cockroaches
  12 goblins
  6 hobgoblins
  12 jackals
  28 kobolds
  2 quokkas
  5 frilled lizards
  A leopard gecko skeleton (D:6)
  A quokka zombie (D:5)
  16 rats
  4 plants
748 creatures vanquished.

Vanquished Creatures (others)
  A komodo dragon (D:12)
  A human (Lair:4)
  A white imp (D:13)
  2 orcs (D:13)
  18 fungi
  40 plants
63 creatures vanquished.

Grand Total: 811 creatures vanquished

Notes
Turn   | Place    | Note
-------+----------+-------------------------------------------
     0 | D:1      | Faca the Gargoyle Fighter began the quest for the Orb.
     0 | D:1      | Reached XP level 1. HP: 14/14 MP: 1/1
   261 | D:1      | Reached XP level 2. HP: 19/19 MP: 2/2
   415 | D:1      | Reached XP level 3. HP: 24/24 MP: 3/3
   442 | D:1      | Reached skill level 4 in Fighting
  1102 | D:2      | Reached XP level 4. HP: 29/30 MP: 4/4
  1109 | D:2      | Noticed Jessica
  1127 | D:2      | Killed Jessica
  1343 | D:2      | Found a runed translucent door.
  1344 | D:2      | Noticed Crazy Yiuf
  1475 | D:2      | Killed Crazy Yiuf
  1475 | D:2      | Reached skill level 5 in Fighting
  1475 | D:2      | Reached XP level 5. HP: 23/35 MP: 5/5
  1816 | D:3      | Noticed Ijyb
  1832 | D:3      | Killed Ijyb
  1982 | D:3      | Noticed Grinder
  1982 | D:3      | Paralysed by Grinder for 4 turns
  1996 | D:3      | Killed Grinder
  1996 | D:3      | Reached skill level 6 in Fighting
  1996 | D:3      | Reached skill level 5 in Maces & Flails
  1996 | D:3      | Reached XP level 6. HP: 23/41 MP: 6/6
  2024 | D:3      | Found an iron altar of Okawaru.
  2049 | D:3      | Became a worshipper of Warmaster Okawaru
  2196 | D:3      | Found a glowing drain.
  2229 | Sewer    | Entered a sewer
  2399 | Sewer    | Reached XP level 7. HP: 47/47 MP: 7/7
  2570 | Sewer    | Reached * piety under Okawaru
  2570 | Sewer    | Reached skill level 7 in Fighting
  3422 | D:4      | Reached XP level 8. HP: 53/53 MP: 8/8
  3808 | D:4      | Noticed Natasha
  3813 | D:4      | Killed Natasha
  3862 | D:4      | Reached skill level 8 in Fighting
  4130 | D:4      | Noticed Natasha
  4134 | D:4      | Killed Natasha
  4349 | D:4      | Noticed Natasha
  4362 | D:4      | Killed Natasha
  4384 | D:5      | Entered Level 5 of the Dungeon
  4421 | D:5      | Found a staircase to the Ecumenical Temple.
  4439 | D:5      | Found a shimmering altar of Xom.
  4483 | D:5      | Found a shattered altar of Ashenzari.
  4492 | D:5      | Reached ** piety under Okawaru
  4532 | D:5      | Got a scorched ring mail
  4543 | D:5      | Identified the +1 ring mail of Bitterness {Str+7} (You
                  | found it on level 5 of the Dungeon)
  4614 | D:5      | Found an ancient bone altar of Kikubaaqudgha.
  5069 | D:5      | Found a basalt altar of Yredelemnul.
  5069 | D:5      | Found a stormy altar of Qazlal.
  5252 | D:6      | Found a blossoming altar of Fedhas.
  5275 | D:6      | Reached skill level 9 in Fighting
  5388 | D:6      | Found Hutaa's Antique Armour Shoppe.
  5403 | D:6      | Reached XP level 9. HP: 59/60 MP: 9/9
  5730 | D:6      | Found an ornate altar of the Wu Jian Council.
  5799 | D:7      | Reached *** piety under Okawaru
  5996 | D:7      | Reached skill level 10 in Fighting
  6101 | D:7      | Reached **** piety under Okawaru
  6730 | D:8      | Reached skill level 11 in Fighting
  6730 | D:8      | Reached XP level 10. HP: 66/69 MP: 10/10
  6805 | D:8      | Reached skill level 10 in Maces & Flails
  7490 | D:8      | Identified the Disquisition on Air
  7629 | D:9      | Found Geatwuce's Armour Boutique.
  7659 | D:9      | Found a flagged portal.
  7679 | Bailey   | Entered a bailey
  7728 | Bailey   | Found a burning altar of Makhleb.
  7728 | Bailey   | Noticed an orc knight
  7729 | Bailey   | Found the +10 large shield of Ignorance {rN+ Int-4}
  7750 | Bailey   | Killed an orc knight
  7982 | Bailey   | Reached ***** piety under Okawaru
  8824 | D:9      | Reached skill level 12 in Fighting
  8933 | D:9      | Found a glowing silver altar of Zin.
  9247 | D:10     | Entered Level 10 of the Dungeon
  9417 | D:10     | Found Ukkaumn's Antique Armour Shop.
  9579 | D:10     | Reached skill level 5 in Armour
  9588 | D:10     | Reached skill level 5 in Shields
  9667 | D:10     | Reached XP level 11. HP: 72/76 MP: 11/11
  9771 | D:10     | Noticed a two-headed ogre
  9779 | D:10     | Killed a two-headed ogre
 10043 | D:11     | Received a gift from Okawaru
 10386 | D:10     | HP: 3/76 [something (2)]
 11066 | D:11     | Found a staircase to the Lair.
 11161 | D:11     | Found Poatroule's Weapon Shop.
 11506 | D:12     | Received a gift from Okawaru
 11598 | D:12     | Killed an unseen horror
 11728 | D:12     | Noticed a two-headed ogre
 11744 | D:11     | Killed a two-headed ogre
 12064 | D:12     | Reached skill level 13 in Fighting
 12136 | D:12     | Killed an unseen horror
 12151 | D:12     | Found a staircase to the Orcish Mines.
 12188 | D:12     | Noticed a five-headed hydra
 12204 | D:12     | Killed a five-headed hydra
 12204 | D:12     | Received a gift from Okawaru
 12204 | D:12     | Reached XP level 12. HP: 82/84 MP: 9/12
 12241 | D:12     | Found a shimmering altar of Xom.
 12456 | Lair:1   | Entered Level 1 of the Lair of Beasts
 12746 | Lair:1   | Reached ****** piety under Okawaru
 12893 | Lair:1   | Noticed Grum
 12929 | Lair:1   | Killed Grum
 13809 | Lair:2   | Received a gift from Okawaru
 14050 | Lair:2   | Noticed a four-headed hydra
 14067 | Lair:2   | Killed a four-headed hydra
 14352 | Lair:2   | Received a gift from Okawaru
 14353 | Lair:2   | Got a shimmering eveningstar {god gift}
 14354 | Lair:2   | Identified the +5 eveningstar of No Interval {venom, rPois
                  | Str+4} (Okawaru gifted it to you on level 2 of the Lair of
                  | Beasts)
 14575 | Lair:2   | Found a staircase to the Swamp.
 14837 | Lair:2   | Noticed Sonja
 14845 | Lair:2   | Killed Sonja
 15088 | Lair:3   | Found a staircase to the Snake Pit.
 15137 | Lair:3   | Reached skill level 14 in Fighting
 15162 | Lair:3   | Reached XP level 13. HP: 85/90 MP: 13/13
 15232 | Lair:3   | Found a dark tunnel.
 15240 | Volcano  | Entered a volcano
 15306 | Volcano  | Found a radiant altar of Vehumet.
 15391 | Volcano  | Noticed a red draconian
 15404 | Volcano  | Killed a red draconian
 15432 | Volcano  | Received a gift from Okawaru
 15458 | Volcano  | Got an encrusted hat {god gift}
 15515 | Lair:3   | Identified the +2 hat of the Eight Orbs {+Inv rPois Dex-5}
                  | (Okawaru gifted it to you in a volcano)
 15705 | Lair:3   | Reached skill level 10 in Armour
 15705 | Lair:3   | Reached skill level 10 in Shields
 16442 | Lair:4   | Noticed Kirke
 16453 | Lair:4   | Killed Kirke
 16851 | Lair:4   | Received a gift from Okawaru
 17264 | Lair:5   | Found a viscous altar of Jiyva.
 17265 | Lair:5   | Found a staircase to the Slime Pits.
 17578 | Lair:5   | Gained mutation: Your large and strong wings let you fly
                  | indefinitely. [Gargoyle growth]
 17578 | Lair:5   | Reached XP level 14. HP: 96/96 MP: 14/14
 17692 | Lair:5   | Reached skill level 15 in Fighting
 18243 | Lair:6   | Entered Level 6 of the Lair of Beasts
 18348 | Lair:6   | Received a gift from Okawaru
 18927 | Lair:6   | Found a runed translucent door.
 19580 | Lair:6   | Received a gift from Okawaru
 20683 | Orc:1    | Entered Level 1 of the Orcish Mines
 20713 | Orc:2    | Entered Level 2 of the Orcish Mines
 20713 | Orc:2    | Found a staircase to the Elven Halls.
 20724 | Orc:2    | Reached XP level 15. HP: 104/104 MP: 15/15
 20737 | Orc:1    | Received a gift from Okawaru
 21155 | Orc:1    | Found Bilukid's Assorted Antiques.
 21598 | Orc:2    | Reached skill level 16 in Fighting
 22256 | Orc:2    | Found Yler's General Store.
 22256 | Orc:2    | Found Viosaun's General Store.
 22302 | Orc:2    | Found a roughly hewn altar of Beogh.
 22342 | Orc:2    | Found Gatweyka's Magic Scroll Emporium.
 22446 | Orc:2    | Found Kyloni's Magic Scroll Boutique.
 22572 | Orc:2    | Noticed Rupert
 22595 | Orc:2    | Killed Rupert
 22996 | Orc:2    | Bought a scroll of acquirement for 884 gold pieces
 22997 | Orc:2    | Got a distressingly furry hat
 23008 | Orc:2    | Identified the +1 hat of Eczukoes {rF+ rN+ Str-5} (You
                  | acquired it on level 2 of the Orcish Mines)
 23017 | Orc:2    | Bought a scroll of enchant weapon for 105 gold pieces
 23017 | Orc:2    | Bought a scroll of holy word for 105 gold pieces
 23017 | Orc:2    | Bought a scroll of fear for 49 gold pieces
 23017 | Orc:2    | Bought a scroll of silence for 105 gold pieces
 23060 | Orc:1    | Bought a scroll of enchant weapon for 225 gold pieces
 23270 | D:13     | Received a gift from Okawaru
 23316 | D:13     | Reached skill level 15 in Maces & Flails
 23365 | D:13     | Noticed an orc warlord
 23633 | D:13     | Noticed a storm dragon
 23845 | D:13     | Found a frozen archway.
 23871 | IceCv    | Entered an ice cave
 23882 | IceCv    | Slain by a swamp dragon simulacrum

Levels and vault maps discovered:
D:1:      psy_arrival_spokes, layout_loops_ring, minmay_3d_cube
D:2:      layout_rooms, serial_park_tiny_1, minmay_cupped,
          uniq_crazy_yiuf_cottage, uniq_jessica
D:3:      layout_basic, kennysheep_okawaru_gauntlet,
          cheibrodos_sewer_entry_bend, chequers_garden, uniq_grinder, uniq_ijyb
D:4:      minmay_recursive_quarters, layout_loops_ring, first_ration,
          uniq_natasha
D:5:      layout_gridville, xom_butterflies,
          chequers_temple_overflow_statue_of_worship, overflow_temple_1_default,
          kiku_gazebo_pond_becter, temple_pool_b, nrook_loot_triangle
D:6:      layout_gridville, marbit_many_paths, serial_shops,
          nicolae_shop_overgrown_old_shop, serial_bayou_pond_c, fedhas_altar_2
D:7:      layout_loops_ring
D:8:      layout_loops_ring, the_bakery
D:9:      layout_basic, lemuel_crystal_altar, nicolae_overflow_hidden_temple,
          serial_shops, shop, enter_bailey_3
D:10:     layout_basic, serial_shops, shop
D:11:     layout_basic, grunt_lair_entry_orc_guard_hut, serial_shops,
          nicolae_shop_temple_entry_statues_fountains
D:12:     layout_basic, david_orc_2, basic_altar, minmay_bent
D:13:     minmay_complete_graph, layout_basic, serial_ice, serial_ice_j,
          serial_ice_h, serial_ice_m, serial_ice_b, portal_ice_cave_rime,
          minmay_radiant
Lair:1:   layout_cave_pods, roderic_batcave, grunt_megastairs_2, uniq_grum
Lair:2:   layout_cave_pods, skrybe_swamp_entry_bodies, beast_lair_carwin_5,
          uniq_sonja
Lair:3:   layout_long_grid, guppyfry_snake_entry_island,
          nicolae_volcano_entry_hallway, grunt_forest_small_clearings,
          chequers_serial_rivers_micro_a, worms_lemuel, serial_bayou_shore_b
Lair:4:   layout_big_grid, uniq_kirke
Lair:5:   layout_loops_ring, slime_altar_1, serial_bayou_pond_b,
          serial_bayou_shore_b
Lair:6:   wormcave, layout_cave_pods, hangedman_lair_tendril_chambers,
          chequers_serial_rivers_small_a, pond
Orc:1:    layout_diamond_mine, serial_shops, nicolae_shop_stone
Orc:2:    st_orc_town, layout_caves, uniq_rupert
IceCv:    ice_cave_small_necro

Skill      XL: |  1  2  3  4  5  6  7  8  9 10 11 12 13 14 15 |
---------------+----------------------------------------------+-----
Fighting       | 4 5 6 7 9 11 12 13 14 15 16 | 16.4
Maces & Flails | 3 5 6 8 9 11 12 13 14 15 | 15.1
Armour         | 5 7 9 10 12 13 | 13.1
Shields        | 5 7 9 10 12 13 | 13.1

Action                   |  1- 3 |  4- 6 |  7- 9 | 10-12 | 13-15 || total
-------------------------+-------+-------+-------+-------+-------++-------
Melee: Flail             |   172 |    56 |       |    46 |       ||   274
       Mace              |       |   179 |   633 |   212 |       ||  1024
       Whip              |       |       |       |   875 |       ||   875
       Eveningstar       |       |       |       |    39 |  1053 ||  1092
       Demon whip        |       |       |       |       |   142 ||   142
Invok: Heroism           |       |       |       |     4 |     5 ||     9
 Abil: Evoke Berserk Rag |       |     1 |       |       |       ||     1
Evoke: Wand              |       |     3 |       |     1 |       ||     4
  Use: Scroll            |       |       |    16 |     8 |     9 ||    33
       Potion            |       |       |     2 |     6 |     1 ||     9
 Stab: Invisible         |       |       |       |     6 |       ||     6
       Paralysed         |       |       |       |     2 |       ||     2
  Eat: Chunk             |     1 |     5 |    12 |    20 |    22 ||    60
       Ration            |       |       |     1 |     3 |     2 ||     6
Armor: Scale mail        |    98 |   126 |   131 |       |       ||   355
       Ring mail         |       |       |   129 |   532 |   495 ||  1156
       Chain mail        |       |       |    14 |       |       ||    14
Dodge: Dodged            |    66 |    72 |   157 |   297 |   323 ||   915
Block: Shield            |    87 |   132 |   316 |   630 |   861 ||  2026
